 Dungeon Crawl Stone Soup version 0.21-a0-444-g29a2fec (webtiles) character file.

201 slep the Slasher (level 5, -1/47 HPs)
             Began as a Minotaur Monk on Nov 18, 2017.
             Slain by an orc
             ... wielding a +0 mace of protection
              (6 damage)
             ... on level 3 of the Dungeon.
             The game lasted 00:09:16 (2029 turns).

slep the Slasher (Minotaur Monk)                    Turns: 2029, Time: 00:09:17

Health: -1/47      AC:  5    Str: 16    XL:     5   Next: 50%
Magic:  4/4        EV: 12    Int:  7    God:
Gold:   171        SH:  0    Dex: 13    Spells: 4/4 levels left

rFire    . . .     SeeInvis .   a - +0 falchion
rCold    . . .     Gourm    .   (no shield)
rNeg     . . .     Faith    .   k - +0 ring mail
rPois    .         Spirit   .   (helmet restricted)
rElec    .         Reflect  .   (no cloak)
rCorr    .         Harm     .   (no gloves)
MR       +....     Rnd*Tele +   (no boots)
Stlth    +.........             (no amulet)
HPRegen  0.15/turn              r - ring of protection from magic
MPRegen  0.09/turn              q - ring of teleportation (curse)

@: no status effects
A: retaliatory headbutt, horns 2
a: no special abilities


You were on level 3 of the Dungeon.
You were not hungry.

You visited 1 branch of the dungeon, and saw 4 of its levels.

You collected 171 gold pieces.

Inventory:

Hand Weapons
 a - a +0 falchion (weapon)
 o - a +1 dagger of electrocution
 w - a +0 dagger of venom
Missiles
 l - 6 javelins (quivered)
Armour
 b - a +0 robe
 k - a +0 ring mail (worn)
Jewellery
 e - an uncursed ring of ice
 j - an uncursed ring of see invisible
 q - a cursed ring of teleportation (right hand)
 r - a ring of protection from magic (left hand)
Scrolls
 d - a scroll of teleportation {unknown}
 g - 2 scrolls of remove curse {unknown}
 i - 2 scrolls of magic mapping {unknown}
 m - a scroll of fear {unknown}
 t - a scroll of identify {unknown}
Potions
 h - a potion of invisibility {unknown}
 p - a potion of berserk rage {unknown}
 s - a potion of haste {unknown}
 x - a potion of heal wounds {unknown}
Comestibles
 c - 7 bread rations
 f - 2 meat rations
 n - 10 fruits
 v - 2 royal jellies


   Skills:
 + Level 4.4 Fighting
 + Level 6.0 Long Blades
 + Level 1.8 Armour
 + Level 4.0 Dodging
 + Level 1.8 Stealth


You had 4 spell levels left.
You didn't know any spells.

Dungeon Overview and Level Annotations

Branches:
Dungeon (4/15)
 Temple: D:4-7

Altars:
Ashenzari
Nemelex Xobeh
Sif Muna


Innate Abilities, Weirdness & Mutations

You reflexively headbutt those who attack you in melee.
You have a pair of horns on your head.


Message History

The orc hits you with a mace of protection.
* * * LOW HITPOINT WARNING * * *
You hit the orc.
The orc is severely wounded.
The orc hits you with a flail.
* * * LOW HITPOINT WARNING * * *
The orc hits you but does no damage. The orc priest hits you with a flail.
* * * LOW HITPOINT WARNING * * *
The orc barely misses you.
The orc wizard gestures wildly while chanting.
The orc wizard flickers and vanishes!
Deactivating autopickup; reactivate with Ctrl-A.
There is a stone staircase leading up here.
You climb upwards.
There is a stone staircase leading down here.
You barely miss the orc. Your headbutt misses the orc.
The orc is severely wounded.
The orc misses you.
The orc hits you with a mace of protection.
You die...

##################
.........).....o@#
.###############o# .#
#...#########.#######
.#
#.#.................#
.#
#...###############.#
.# ##.## #.# .#
#.##### #.#
#####.....# #.#
รท..######.###### #.#


You could see 2 orcs.

Vanquished Creatures
  2 orc priests (D:3)
  An orc wizard (D:3)
  A gnoll (D:1)
  4 adders
  3 worms (D:3)
  A dart slug (D:3)
  2 leopard geckos
  4 orcs (D:3)
  7 giant cockroaches
  6 goblins
  7 hobgoblins
  9 bats
  3 frilled lizards
  5 kobolds
  7 rats
62 creatures vanquished.

Notes
Turn   | Place    | Note
-------+----------+-------------------------------------------
     0 | D:1      | slep the Minotaur Monk began the quest for the Orb.
     0 | D:1      | Reached XP level 1. HP: 19/19 MP: 0/0
   442 | D:1      | Reached skill level 4 in Long Blades
   442 | D:1      | Reached XP level 2. HP: 7/27 MP: 1/1
   882 | D:3      | Reached XP level 3. HP: 23/33 MP: 2/2
   956 | D:2      | Found a sparkling altar of Nemelex Xobeh.
  1025 | D:2      | Found a deep blue altar of Sif Muna.
  1081 | D:2      | Reached XP level 4. HP: 33/40 MP: 3/3
  1254 | D:3      | Reached skill level 5 in Long Blades
  1604 | D:3      | Reached skill level 1 in Armour
  1632 | D:3      | Found a shattered altar of Ashenzari.
  1770 | D:3      | Reached XP level 5. HP: 35/47 MP: 4/4
  1802 | D:3      | Reached skill level 6 in Long Blades
  2029 | D:3      | Slain by an orc

Vault maps used:
D:1:      lightli_arrival_windingriver
D:2:      overflow_temple_1_default, nrook_mini_backslash,
          nemelex_xobeh_ov_fountains_minmay
D:3:      overflow_temple_1_default
D:4:      temple_statues

Skill      XL: |  1  2  3  4  5 |
---------------+----------------+-----
Long Blades    | 4 5 6 |  6.0
Fighting       | 4 |  4.4
Dodging        | 4 |  4.0
Armour         | 1 |  1.8
Stealth        | |  1.8

Action                   |  1- 3 |  4- 6 || total
-------------------------+-------+-------++-------
Melee: Falchion          |    69 |    85 ||   154
       Headbutt          |    21 |    22 ||    43
Throw: Javelin           |     1 |       ||     1
 Stab: Sleeping          |       |     1 ||     1
  Eat: Chunk             |     1 |     3 ||     4
Armor: Robe              |     2 |       ||     2
       Ring mail         |    19 |    25 ||    44
Dodge: Dodged            |    53 |    33 ||    86
       Rpst.: Falchion   |     6 |    13 ||    19

Table legend:
 A = Spawn XP
 B = Non-spawn XP
 C = Spawn XP percentage of total XP
 D = Spawn monster count
 E = Non-spawn monster count
 F = Spawn count percentage of total count
 G = Total turns spent on level
                    A         B        C        D         E        F      G
               +---------+---------+-------+---------+---------+-------+---------
         Total |       0 |     288 |   0.0 |       0 |      62 |   0.0 |  2029
               +---------+---------+-------+---------+---------+-------+---------
           D:1 |       0 |      31 |   0.0 |       0 |      13 |   0.0 |   847
           D:2 |       0 |      45 |   0.0 |       0 |      20 |   0.0 |   338
           D:3 |       0 |     212 |   0.0 |       0 |      29 |   0.0 |   814
               +---------+---------+-------+---------+---------+-------+---------
